 Dungeon Crawl Stone Soup version 0.28-a0-750-g7c675f85b1 (webtiles) character file.

Game seed: 12338194570996892404

242 ytrimaz the Chopper (level 5, 0/41 HPs)
             Began as a Demonspawn Gladiator on Oct 29, 2021.
             Slain by Pikel (2 damage)
             ... on level 4 of the Dungeon.
             The game lasted 00:03:57 (4327 turns).

ytrimaz the Chopper (Demonspawn Gladiator)          Turns: 4327, Time: 00:03:57

Health: 0/41       AC:  4    Str: 15    XL:     5   Next: 81%
Magic:  5/5        EV: 13    Int: 10    God:
Gold:   149        SH:  0    Dex: 14    Spells: 4/4 levels left

rFire   . . .      SeeInvis .   a - +0 war axe
rCold   . . .      Faith    .   (no shield)
rNeg    . . .      Spirit   .   b - +0 leather armour
rPois   .          Reflect  .   c - +0 helmet
rElec   .          Harm     .   (no cloak)
rCorr   .          Rampage  .   (no gloves)
Will    .....                   (no boots)
Stlth   +.........              (no amulet)
HPRegen 0.13/turn               (no ring)
MPRegen 0.09/turn               (no ring)

@: very slightly contaminated, invisible
A: hooves 2, demonic guardian 1
a: no special abilities


You were on level 4 of the Dungeon.
You visited 1 branch of the dungeon, and saw 4 of its levels.

You collected 149 gold pieces.

Inventory:

Hand Weapons
 a - a +0 war axe (weapon)
Missiles
 d - 3 throwing nets (quivered)
Armour
 b - a +0 leather armour (worn)
 c - a +0 helmet (worn)
Jewellery
 g - a ring of ice
Wands
 f - a wand of polymorph (9)
Scrolls
 k - a scroll of fog
 l - a scroll of identify
 m - a scroll of magic mapping {unknown}
Potions
 h - a potion of ambrosia
 i - a potion of magic
 j - 2 potions of curing


   Skills:
 * Level 3.3 Fighting
 + Level 4.2 Axes
 - Level 1.7 Throwing
 - Level 0.4 Armour
 * Level 3.7 Dodging
 * Level 1.7 Unarmed Combat


You had 4 spell levels left.
You didn't know any spells.
Your spell library was empty.

Dungeon Overview and Level Annotations

Branches:
Dungeon (4/15)
 Temple: D:4-7

Altars:
The Shining One

Annotations:
D:4 Pikel


Innate Abilities, Weirdness & Mutations

You have hoof-like feet.
A weak demonic guardian rushes to your aid.


Message History

* * * LOW HITPOINT WARNING * * *
The lemure hits you but does no damage.
You closely miss Pikel. You kick Pikel, but do no damage.
Pikel is heavily wounded.
You hit the lemure but do no damage. You closely miss the lemure.
Pikel misses you. The lemure barely misses you. The lemure hits you.
* * * LOW HITPOINT WARNING * * *
Pikel closely misses you.
Unknown command.
You hit Pikel. You kick Pikel, but do no damage.
Pikel is heavily wounded.
You barely miss the lemure. You closely miss the lemure.
The lemure barely misses you. The lemure closely misses you.
Pikel hits you with a +0 whip of flaming.
* * * LOW HITPOINT WARNING * * *
A demonic guardian appears!
Pikel burns you.
* * * LOW HITPOINT WARNING * * *
The lemure misses you. x2
There is a stone staircase leading up, spattered with blood here.
Unknown command.
You strike the helpless Pikel from behind!
You hit Pikel. Your kick misses Pikel.
Pikel is severely wounded.
You barely miss the lemure.
Unknown command.
You barely miss the lemure.
The lemure is severely wounded.
You hit Pikel but do no damage.
The lemure barely misses your shadow imp.
The lemure hits you.
* * * LOW HITPOINT WARNING * * *
A demonic guardian appears!
Your shadow imp closely misses the lemure.
Pikel closely misses you. The lemure hits your shadow imp.
You feel better. The lemure hits your shadow imp.
Your shadow imp hits the lemure.
Pikel hits you with a +0 whip of flaming.
* * * LOW HITPOINT WARNING * * *
Pikel burns you.
You die...

...... ......
######......
.......$...
..........
.........
#.......#
#5......#
###@.......
#..5K......
#.......55...###
............##
...........##
...........#
............
...###......#
... ........


You could see Pikel, 2 lemures, a friendly iron imp (summoned) and a friendly
shadow imp (summoned).

Vanquished Creatures
  2 lemures (D:4)
  A scorpion (D:4)
  A water moccasin skeleton (D:4)
  Robin (D:2)
  4 adders
  A white imp (D:4)
  A dart slug (D:1)
  6 endoplasms
  6 giant cockroaches
  14 goblins
  9 hobgoblins
  A jackal (D:2)
  4 quokkas
  6 ball pythons
  3 bats (D:1)
  5 frilled lizards
  2 goblin zombies (D:4)
  2 hobgoblin zombies (D:4)
  10 kobolds
  A kobold skeleton (D:4)
  3 kobold zombies (D:4)
  An orc skeleton (D:4)
  3 orc zombies (D:4)
  5 rats
92 creatures vanquished.

Notes
Turn   | Place    | Note
-------+----------+-------------------------------------------
     0 | D:1      | ytrimaz the Demonspawn Gladiator began the quest for the
                  | Orb.
     0 | D:1      | Reached XP level 1. HP: 16/16 MP: 1/1
   325 | D:1      | Discovered your monstrous ancestry.
   325 | D:1      | Gained mutation: You have large cloven feet. [demonic
                  | ancestry]
   325 | D:1      | Reached XP level 2. HP: 17/22 MP: 2/2
   418 | D:1      | Reached skill level 3 in Axes
   880 | D:1      | Gained mutation: You have hoof-like feet. [demonic
                  | ancestry]
   880 | D:1      | Reached XP level 3. HP: 25/25 MP: 3/3
  1968 | D:2      | Reached skill level 1 in Unarmed Combat
  1968 | D:2      | Reached XP level 4. HP: 34/34 MP: 4/4
  2164 | D:2      | Noticed Robin
  2181 | D:2      | Killed Robin
  2590 | D:2      | Found a faded altar of an unknown god.
  3781 | D:4      | Noticed a scorpion
  3797 | D:4      | HP: 1/34 [poisoned by a scorpion]
  3801 | D:4      | Killed a scorpion
  3802 | D:4      | Reached skill level 4 in Axes
  3802 | D:4      | Gained mutation: A weak demonic guardian rushes to your
                  | aid. [demonic ancestry]
  3802 | D:4      | Reached XP level 5. HP: 30/41 MP: 5/5
  3872 | D:4      | Noticed a lemure
  4214 | D:4      | Noticed a lemure
  4223 | D:4      | Killed a lemure
  4304 | D:4      | Noticed a lemure
  4306 | D:4      | Noticed a lemure
  4308 | D:4      | Noticed Pikel
  4311 | D:4      | Killed a lemure
  4326 | D:4      | HP: 2/41 [lemure[Pikel] (2)]
  4327 | D:4      | Slain by Pikel

Illustrated notes

Levels and vault maps discovered:
D:1:      evilmike_arrival_rings, layout_loops_ring
D:2:      minmay_spotlight, layout_loops_ring,
          shapermc_ecumenical_altar_pompeii, corexii_shack, uniq_robin
D:3:      layout_basic
D:4:      layout_layer_cave, nicolae_tso_besieged_by_evil,
          mainiacjoe_overflow_boulevard, mainiacjoe_overflow_large_starburst,
          serial_forest, infiniplex_forest_clump_long,
          infiniplex_forest_straight_2, infiniplex_forest_lined_3,
          infiniplex_forest_clump_long, infiniplex_forest_lined_2,
          infiniplex_forest_lined_room_, uniq_pikel

Skill      XL: |  1  2  3  4 |
---------------+-------------+-----
Axes           | 3 4 |  4.2
Dodging        | 3 |  3.7
Unarmed Combat | 1 |  1.7
Fighting       | 3 |  3.3
Throwing       | |  1.7
Armour         | |  0.4

Action                   |  1- 3 |  4- 6 || total
-------------------------+-------+-------++-------
Melee: War axe           |   111 |   137 ||   248
       Kick              |    22 |    32 ||    54
       Punch             |       |     2 ||     2
Evoke: Wand              |       |     2 ||     2
  Use: Scroll            |     6 |       ||     6
       Potion            |       |     3 ||     3
 Stab: Sleeping          |     1 |       ||     1
       Invisible         |       |     2 ||     2
Armor: Leather armour    |    49 |    40 ||    89
Dodge: Dodged            |    73 |   121 ||   194

Table legend: (Time is in decaauts)
 A = Elapsed time spent in this place.
 B = Non-inter-level travel time spent in this place.
 C = Inter-level travel time spent in this place.
 D = Time resting spent in this place.
 E = Time spent auto-exploring this place.
 F = Levels seen in this place.
 G = Mean time per level.
                   A        B        C        D        E       F      G
               +--------+--------+--------+--------+--------+-----+--------+
         Total |   4409 |   4287 |    122 |    631 |   2950 |   4 | 1102.2 |
       Dungeon |   4409 |   4287 |    122 |    631 |   2950 |   4 | 1102.2 |
               +--------+--------+--------+--------+--------+-----+--------+

Top non-repeatable levels by time:
     D:2: 1538 daAuts
     D:3: 1378 daAuts
     D:1: 1301 daAuts
     D:4: 191 daAuts
